[ AOE2 MATCH · #484155281 ]
Team RMFranks vs Berbers
[ REPLAY ANALYSIS · EXTRACTED FROM THE RECORDED GAME ]
Feudal
—
Castle
—
Imperial
—
| APM avg | 9.0 |
| APM peak | 27 |
| eAPM avg | 6.1 |
| Villagers / military | 17 / 0 |
Focus
⚔️ 6.7% · 🌾 93.3%
Feudal
—
Castle
—
Imperial
—
| APM avg | 27.0 |
| APM peak | 56 |
| eAPM avg | 9.7 |
| Villagers / military | 25 / 0 |
Focus
⚔️ 22.4% · 🌾 77.6%
Feudal
—
Castle
—
Imperial
—
| APM avg | 11.2 |
| APM peak | 19 |
| eAPM avg | 8.4 |
| Villagers / military | 39 / 0 |
Focus
⚔️ 5.1% · 🌾 94.9%
Feudal
—
Castle
—
Imperial
—
| APM avg | 18.1 |
| APM peak | 25 |
| eAPM avg | 10.1 |
| Villagers / military | 26 / 0 |
Focus
⚔️ 4.6% · 🌾 95.4%
Match map
Initial resources + every placement click. Lines = walls · curves = elevation contours. ◆ gold · ⬟ stone · ● berries · ✦ relic · ◌ wall gap
Your base
[AEL] Aeroalisson's base
Karolex5460's base
KaMar's base
Smoothed initial terrain · ◌ = detected wall gap · hover for details
Inputs per minute
— Denisov - - [AEL] Aeroalisson
Build order — Denisov
21 actions detected in the replay
| 0:00 | Create | Villager (Male) |
| 0:01 | Create | Villager (Male) |
| 0:01 | Create | Villager (Male) |
| 0:03 | Build | House |
| 0:12 | Build | House |
| 0:50 | Create | Villager (Male) |
| 1:51 | Create | Villager (Male) |
| 1:51 | Create | Villager (Male) |
| 2:20 | Create | Villager (Male) |
| 2:20 | Create | Villager (Male) |
| 2:56 | Build | Lumber Camp |
| 3:00 | Create | Villager (Male) ×2 |
| 3:29 | Create | Villager (Male) ×2 |
| 4:19 | Create | Villager (Male) ×2 |
| 4:25 | Build | House |
| 4:36 | Create | Villager (Male) |
| 5:55 | Build | Mill |
| 6:16 | Create | Villager (Male) |
| 7:09 | Build | House |
| 8:38 | Create | Villager (Male) |
| 9:20 | Build | Mining Camp |
Build order — [AEL] Aeroalisson
42 actions detected in the replay
| 0:02 | Create | Villager (Male) |
| 0:02 | Create | Villager (Male) |
| 0:02 | Create | Villager (Male) |
| 0:03 | Create | Villager (Male) |
| 0:03 | Create | Villager (Male) |
| 0:04 | Build | House |
| 0:06 | Build | House |
| 0:22 | Research | Loom |
| 0:54 | Create | Villager (Male) |
| 0:54 | Create | Villager (Male) |
| 0:55 | Create | Villager (Male) |
| 0:55 | Create | Villager (Male) |
| 1:54 | Create | Villager (Male) |
| 1:54 | Create | Villager (Male) |
| 2:23 | Create | Villager (Male) |
| 2:23 | Create | Villager (Male) |
| 2:38 | Build | House |
| 2:39 | Build | Palisade Wall |
| 2:49 | Create | Villager (Male) |
| 3:20 | Create | Villager (Male) |
| 3:20 | Create | Villager (Male) |
| 3:38 | Build | Lumber Camp |
| 3:49 | Create | Villager (Male) |
| 3:52 | Create | Villager (Male) |
| 3:53 | Create | Villager (Male) |
| 5:10 | Create | Villager (Male) |
| 5:11 | Create | Villager (Male) |
| 5:11 | Create | Villager (Male) |
| 5:21 | Build | House |
| 5:36 | Create | Villager (Male) |
| 5:36 | Create | Villager (Male) |
| 5:55 | Create | Villager (Male) |
| 8:17 | Build | Palisade Wall |
| 8:20 | Build | Palisade Wall |
| 8:23 | Build | Palisade Wall |
| 8:26 | Build | Palisade Wall |
| 10:11 | Build | Palisade Wall |
| 10:13 | Build | Palisade Wall |
| 10:15 | Build | Palisade Wall |
| 10:17 | Build | Palisade Wall |
| 10:19 | Build | Palisade Wall |
| 11:29 | Build | Palisade Wall |
Build order — Karolex5460
49 actions detected in the replay
| 0:02 | Create | Villager (Male) |
| 0:02 | Create | Villager (Male) |
| 0:02 | Create | Villager (Male) |
| 0:03 | Create | Villager (Male) |
| 0:07 | Build | House |
| 0:13 | Build | House |
| 0:14 | Build | House |
| 0:16 | Build | House |
| 1:32 | Build | Palisade Wall |
| 1:37 | Create | Villager (Male) |
| 2:15 | Create | Villager (Male) |
| 2:16 | Create | Villager (Male) |
| 2:45 | Create | Villager (Male) |
| 3:09 | Create | Villager (Male) |
| 3:10 | Create | Villager (Male) |
| 3:40 | Create | Villager (Male) |
| 3:49 | Create | Villager (Male) |
| 3:49 | Create | Villager (Male) |
| 4:11 | Create | Villager (Male) |
| 4:11 | Create | Villager (Male) |
| 4:30 | Create | Villager (Male) |
| 4:30 | Create | Villager (Male) |
| 5:21 | Create | Villager (Male) |
| 5:59 | Create | Villager (Male) |
| 5:59 | Create | Villager (Male) |
| 6:06 | Create | Villager (Male) |
| 6:06 | Create | Villager (Male) |
| 6:15 | Build | Mill |
| 6:55 | Create | Villager (Male) |
| 6:56 | Create | Villager (Male) |
| 6:56 | Create | Villager (Male) |
| 7:20 | Create | Villager (Male) |
| 7:20 | Create | Villager (Male) |
| 7:54 | Build | Palisade Wall |
| 8:03 | Create | Villager (Male) |
| 8:24 | Create | Villager (Male) |
| 8:37 | Build | Lumber Camp |
| 9:00 | Create | Villager (Male) |
| 9:00 | Create | Villager (Male) |
| 9:07 | Build | House |
| 9:09 | Build | House |
| 9:29 | Create | Villager (Male) |
| 9:29 | Create | Villager (Male) |
| 9:30 | Create | Villager (Male) |
| 9:30 | Create | Villager (Male) |
| 9:53 | Create | Villager (Male) |
| 9:53 | Create | Villager (Male) |
| 10:45 | Create | Villager (Male) |
| 11:47 | Create | Villager (Male) |
Build order — KaMar
40 actions detected in the replay
| 0:01 | Create | Villager (Male) |
| 0:02 | Research | Loom |
| 0:02 | Create | Villager (Male) |
| 0:02 | Create | Villager (Male) |
| 0:02 | Create | Villager (Male) |
| 0:03 | Create | Villager (Male) |
| 0:05 | Build | House |
| 0:43 | Build | Palisade Wall |
| 0:49 | Create | Villager (Male) |
| 0:49 | Create | Villager (Male) |
| 2:17 | Build | Palisade Wall |
| 2:41 | Create | Villager (Male) |
| 2:41 | Create | Villager (Male) |
| 3:04 | Build | House |
| 3:20 | Build | Palisade Wall |
| 3:43 | Create | Villager (Male) |
| 3:44 | Create | Villager (Male) |
| 4:06 | Create | Villager (Male) |
| 4:06 | Create | Villager (Male) |
| 4:36 | Create | Villager (Male) |
| 4:45 | Build | Mill |
| 4:48 | Create | Villager (Male) |
| 5:17 | Create | Villager (Male) |
| 5:34 | Build | House |
| 6:03 | Create | Villager (Male) |
| 6:10 | Build | House |
| 6:40 | Build | House |
| 6:43 | Create | Villager (Male) |
| 7:14 | Create | Villager (Male) |
| 7:33 | Create | Villager (Male) |
| 7:57 | Build | Lumber Camp |
| 8:24 | Create | Villager (Male) |
| 8:24 | Create | Villager (Male) |
| 9:06 | Create | Villager (Male) |
| 9:55 | Create | Villager (Male) |
| 10:16 | Create | Villager (Male) |
| 10:27 | Research | Feudal Age |
| 10:39 | Build | Mill |
| 10:55 | Create | Villager (Male) |
| 11:21 | Build | Dock |
Match timeline
| 0:43 | KaMar · wall_segment Palisade Wall x9 |
| 1:32 | Karolex5460 · wall_segment Palisade Wall x10 |
| 2:17 | KaMar · wall_segment Palisade Wall x12 |
| 2:39 | [AEL] Aeroalisson · wall_segment Palisade Wall x1 |
| 3:20 | KaMar · wall_segment Palisade Wall x1 |
| 7:54 | Karolex5460 · wall_segment Palisade Wall x1 |
| 8:17 | [AEL] Aeroalisson · wall_segment Palisade Wall x6 |
| 8:20 | [AEL] Aeroalisson · wall_segment Palisade Wall x6 |
| 8:23 | [AEL] Aeroalisson · wall_segment Palisade Wall x7 |
| 8:26 | [AEL] Aeroalisson · wall_segment Palisade Wall x6 |
| 10:11 | [AEL] Aeroalisson · wall_segment Palisade Wall x3 |
| 10:13 | [AEL] Aeroalisson · wall_segment Palisade Wall x2 |
| 10:15 | [AEL] Aeroalisson · wall_segment Palisade Wall x2 |
| 10:17 | [AEL] Aeroalisson · wall_segment Palisade Wall x3 |
| 10:19 | [AEL] Aeroalisson · wall_segment Palisade Wall x3 |
| 11:21 | KaMar · first_building Dock |
| 11:27 | Denisov · resign |
| 11:29 | [AEL] Aeroalisson · wall_segment Palisade Wall x3 |
[ AI ANALYSIS · 1 CREDIT ]
What really happened in this match?
Wolo.gg analyzes every decision: build order, eco, micro, common mistakes by bracket. Personalized analysis on WhatsApp or Discord in 30 seconds.
Civ guide
Franks
Map guide
Black Forest
Perfil
Denisov